 Dungeon Crawl Stone Soup version 0.25.1-2-g60ff931df9 (webtiles) character file.

Game seed: 1589596130589579991

217 protoss039 the Magician (level 5, -2/28 HPs)
             Began as a Deep Elf Earth Elementalist on Aug 10, 2020.
             Slain by Natasha (7 damage)
             ... on level 3 of the Dungeon.
             The game lasted 00:02:52 (3413 turns).

protoss039 the Magician (DEEE)                      Turns: 3413, Time: 00:02:53

Health: -2/28      AC:  3    Str:  5    XL:     5   Next: 61%
Magic:  5/15       EV: 17    Int: 21    God:
Gold:   99         SH:  0    Dex: 15    Spells: 14/15 levels left

rFire    . . .     SeeInvis .   i - +2 dagger (venom)
rCold    . . .     Gourm    .   (no shield)
rNeg     . . .     Faith    .   c - +0 robe
rPois    .         Spirit   .   (no helmet)
rElec    .         Reflect  .   (no cloak)
rCorr    .         Harm     .   q - +0 pair of gloves
MR       +....                  (no boots)
Stlth    ++........             (no amulet)
HPRegen  0.09/turn              k - ring of protection from magic
MPRegen  0.14/turn              o - +4 ring of evasion

@: no status effects
A: no striking features
a: no special abilities


You were on level 3 of the Dungeon.
You were not hungry.

You visited 1 branch of the dungeon, and saw 3 of its levels.

You collected 99 gold pieces.

Inventory:

Hand Weapons
 i - a +2 dagger of venom (weapon)
Missiles
 b - 118 stones (quivered)
Armour
 c - a +0 robe (worn)
 q - a +0 pair of gloves (worn)
Jewellery
 k - a ring of protection from magic (left hand)
 o - a +4 ring of evasion (right hand)
 s - an uncursed ring of protection from cold {unknown}
Scrolls
 f - 4 scrolls of identify {unknown}
 g - a scroll of noise {unknown}
 l - a scroll of random uselessness {unknown}
 m - a scroll of fear {unknown}
 p - a scroll of enchant weapon {unknown}
Potions
 a - 2 potions of brilliance {unknown}
 e - a potion of invisibility {unknown}
 j - 4 potions of curing {unknown}
 n - a potion of haste {unknown}
 r - a potion of stabbing {unknown}
Comestibles
 d - 7 rations
 h - 4 chunks of flesh


   Skills:
 - Level 3.0 Dodging
 - Level 3.0 Stealth
 + Level 5.6 Spellcasting
   Level 1.1 Transmutations
 + Level 5.3 Earth Magic


You had 14 spell levels left.
You knew the following spells:

 Your Spells              Type           Power        Failure   Level  Hunger
a - Sandblast             Erth           ####..       1%          1    None

Your spell library contained the following spells:

 Spells                   Type           Power        Failure   Level  Hunger
 Passwall                 Tmut/Erth      ###.....     4%          2    None
 Stone Arrow              Conj/Erth      ###...       11%         3    ##.....
 Petrify                  Tmut/Erth      ###.....     26%         4    ####...
 Lee's Rapid Deconstruct  Erth           ####......   30%         5    #####..


Dungeon Overview and Level Annotations

Branches:
Dungeon (3/15)

Altars:
Uskayaw
Xom

Annotations:
D:3 Natasha


Message History

You feel troubled.
Casting: Sandblast (safe; 1% risk of failure)
Confirm with . or Enter, or press ? or * to list all spells.
Aiming: Sandblast (safe; 1% risk of failure)
Press: ? - help, Shift-Dir - straight line, f/p - Natasha
Aim: Natasha (heavily wounded)
The blast of sand hits the kobold!
You kill the kobold!
b - 119 stones Natasha closely misses you.
Casting: Sandblast (safe; 1% risk of failure)
Confirm with . or Enter, or press ? or * to list all spells.
Aiming: Sandblast (safe; 1% risk of failure)
Press: ? - help, Shift-Dir - straight line, f/p - Natasha
Aim: Natasha (heavily wounded)
The blast of sand hits Natasha!
Natasha is almost dead.
b - 118 stones Natasha claws you!
You die...

..####.........## #
................# #
.####...........# #
.......................# #
.........###........>..## #
.........###............# #
..)..K...##..#........#.# #
.........#..##..........# #
.....o..##@###.#.#...>.## #
............h.##h###.#...#.###
..... #g..5#.........# .....
#.####..###...## .... #....#
#..#...######### ...## .......
#....#รท###.....)
.#..###........
....###.##..##.##
...................
###.#..###.##
.<................
#..).........


You could see Natasha and a crimson imp (summoned).

Vanquished Creatures
  A scorpion (D:3)
  An orc priest (D:3)
  Natasha (twice) (D:3)
  An adder (D:2)
  2 oozes
  An adder zombie (D:2)
  A worm (D:2)
  2 dart slugs (D:1)
  2 leopard geckos
  4 orcs
  7 bats
  2 giant cockroaches (D:2)
  9 hobgoblins
  3 jackals (D:3)
  6 kobolds
  A frilled lizard (D:1)
  7 goblins
  2 rats
54 creatures vanquished.

Notes
Turn   | Place    | Note
-------+----------+-------------------------------------------
     0 | D:1      | protoss039 the Deep Elf Earth Elementalist began the quest
                  | for the Orb.
     0 | D:1      | Reached XP level 1. HP: 10/10 MP: 6/6
   404 | D:1      | Reached XP level 2. HP: 6/15 MP: 5/8
  1255 | D:1      | Reached XP level 3. HP: 17/19 MP: 10/10
  1910 | D:2      | Found a shimmering altar of Xom.
  1912 | D:2      | Found a hide-covered altar of Uskayaw.
  2745 | D:3      | Reached XP level 4. HP: 24/24 MP: 10/12
  3125 | D:3      | Noticed Natasha
  3165 | D:3      | Killed Natasha
  3165 | D:3      | Reached skill level 5 in Spellcasting
  3165 | D:3      | Reached skill level 5 in Earth Magic
  3165 | D:3      | Reached XP level 5. HP: 22/28 MP: 10/14
  3352 | D:3      | Noticed Natasha
  3361 | D:3      | Killed Natasha
  3395 | D:3      | Noticed Natasha
  3413 | D:3      | Slain by Natasha

Illustrated notes

Levels and vault maps discovered:
D:1:      minmay_arrival_stair_chambers, layout_basic
D:2:      layout_basic, nicolae_overflow_hidden_temple, serial_corexii_hall,
          corexii_hall_statues_i, chequers_hall_statues_wall_a,
          hangedman_abyss_or_decor_lesser_grid, minmay_misc_feat_encased
D:3:      layout_rooms, first_ration, uniq_natasha, uniq_robin

Skill      XL: |  1  2  3  4 |
---------------+-------------+-----
Stealth        | 3 |  3.0
Dodging        | 3 |  3.0
Earth Magic    | 4 5 |  5.3
Spellcasting   | 4 5 |  5.6
Transmutations | |  1.1

Action                   |  1- 3 |  4- 6 || total
-------------------------+-------+-------++-------
Melee: Unarmed           |     6 |       ||     6
       Dagger            |    71 |    13 ||    84
 Cast: Sandblast         |    19 |    30 ||    49
 Stab: Sleeping          |     7 |     1 ||     8
  Eat: Chunk             |     6 |     2 ||     8
Armor: Robe              |    12 |     2 ||    14
Dodge: Dodged            |    37 |    31 ||    68
